 Dungeon Crawl Stone Soup version 0.21.1-1-g345015fe64 (webtiles) character file.

169457 Ivernyr the Stormcaller (level 17, -1/144 HPs)
             Began as a Black Draconian Wizard on May 3, 2018.
             Was a High Priest of Sif Muna.
             Slain by a snapping turtle (7 damage)
             ... on level 4 of the Shoals on May 5, 2018.
             The game lasted 06:18:56 (57626 turns).

Ivernyr the Stormcaller (Black Draconian Wizard)   Turns: 57626, Time: 06:18:57

Health: -1/144     AC: 18    Str:  6    XL:     17   Next: 35%
Magic:  16/44      EV: 14    Int: 41    God:    Sif Muna [*****.]
Gold:   1845       SH:  4    Dex:  6    Spells: 0/44 levels left

rFire    . . .     SeeInvis .   a - +6 broad axe of Byntitoc {speed, Int+5}
rCold    + . .     Gourm    +   w - +0 buckler
rNeg     . . .     Faith    .   (armour unavailable)
rPois    +         Spirit   .   D - +2 hat
rElec    +         Reflect  .   R - +2 cloak
rCorr    .         Harm     .   F - +0 pair of gloves
MR       +....                  g - +2 pair of boots {run}
Stlth    ++........             N - amulet of Ciheemn {Gourm rPois Str-4 Int+8 Dex-4}
HPRegen  0.34/turn              O - ring "Xaolyeph" {*Contam rC+ Int+3 Stlth+}
MPRegen  0.29/turn              E - ring of magical power

@: flying, very slightly contaminated, divine energy, quick
A: breathe lightning, unfitting armour, big wings, screaming 1, electricity
resistance, cold-blooded, AC +9
a: Breathe Lightning, Stop Flying, Stop Divine Energy, Channel Magic, Forget
Spell, Renounce Religion


You were on level 4 of the Shoals.
You worshipped Sif Muna.
Sif Muna was extremely pleased with you.
You were very full.

You visited 6 branches of the dungeon, and saw 26 of its levels.
You also visited: Ossuary.

You collected 2678 gold pieces.
You spent 833 gold pieces at shops.

Inventory:

Hand Weapons
 a - the +6 broad axe of Byntitoc (weapon) {speed, Int+5}
   (You bought it in a shop on level 2 of the Orcish Mines)

   Attacks with this weapon are significantly faster.
   It affects your intelligence (+5).
Armour
 g - a +2 pair of boots of running (worn)
 n - a +1 pair of boots
 w - a +0 buckler (worn)
 D - a +2 hat (worn)
 F - a +0 pair of gloves (worn)
 R - a +2 cloak (worn)
Jewellery
 u - an uncursed ring of flight {unknown}
 E - a ring of magical power (right hand)
 N - the amulet of Ciheemn (around neck) {Gourm rPois Str-4 Int+8 Dex-4}
   (You found it on level 2 of the Lair of Beasts)

   [amulet of the gourmand]

   It allows you to eat raw meat even when not hungry.
   It affects your strength (-4).
   It affects your intelligence (+8).
   It affects your dexterity (-4).
   It protects you from poison.
 O - the ring "Xaolyeph" (left hand) {*Contam rC+ Int+3 Stlth+}
   (You found it on level 2 of the Lair of Beasts)

   [ring of protection from cold]

   It affects your intelligence (+3).
   It protects you from cold.
   It causes magical contamination when unequipped.
   It makes you more stealthy.
Wands
 H - a wand of acid (17)
 K - a wand of iceblast (9)
 Q - a wand of paralysis (10)
Scrolls
 d - 9 scrolls of amnesia
 m - 5 scrolls of immolation
 s - a scroll of fog
 x - 5 scrolls of teleportation
 y - 6 scrolls of remove curse
 z - 4 scrolls of enchant weapon
 A - a scroll of magic mapping
 B - 2 scrolls of summoning
 C - a scroll of blinking
 U - a scroll of silence {unknown}
 Z - a scroll of enchant armour
Potions
 b - a potion of berserk rage {unknown}
 e - 4 potions of haste {unknown}
 i - 7 potions of agility {unknown}
 j - 3 potions of brilliance {unknown}
 k - a potion of magic {unknown}
 l - 2 potions of invisibility {unknown}
 o - a potion of resistance {unknown}
 p - 4 potions of flight {unknown}
 r - 10 potions of might
 t - 3 potions of degeneration {unknown}
 v - 8 potions of mutation
 G - 3 potions of lignification {unknown}
 L - 3 potions of curing
 P - a potion of experience {unknown}
Books
 f - Sif Muna's Disquisition on Damaging Protection
   (Sif Muna gifted it to you on level 2 of the Elven Halls)

   Spells                             Type                      Level
   a - Static Discharge               Conjuration/Air              3
   b - Poison Arrow                   Conjuration/Poison           6
   c - Ring of Flames                 Charms/Fire                  7
   d - Chain Lightning                Conjuration/Air              8
 h - a book of Clouds

   Spells                             Type                      Level
   a - Poisonous Vapours              Poison/Air                   2
   b - Mephitic Cloud                 Conjuration/Poison/Air       3
   c - Conjure Flame                  Conjuration/Fire             3
   d - Freezing Cloud                 Conjuration/Ice/Air          6
   e - Ring of Flames                 Charms/Fire                  7
 I - a book of Conjurations

   Spells                             Type                      Level
   a - Magic Dart                     Conjuration                  1
   b - Searing Ray                    Conjuration                  2
   c - Dazzling Spray                 Conjuration/Hexes            3
   d - Fulminant Prism                Conjuration/Hexes            4
   e - Force Lance                    Conjuration/Translocation    4
   f - Iskenderun's Mystic Blast      Conjuration                  4
 J - Sif Muna's Incunabulum of the Blaze and Transmigration
   (Sif Muna gifted it to you on level 3 of the Lair of Beasts)

   Spells                             Type                      Level
   a - Sticks to Snakes               Transmutation                2
   b - Irradiate                      Conjuration/Transmutation    5
   c - Alistair's Intoxication        Transmutation/Poison         5
   d - Ignition                       Fire                         8
   e - Fire Storm                     Conjuration/Fire             9
 M - Sufamas's Almanac of Arcane Weapons
   (Sif Muna gifted it to you on level 1 of the Elven Halls)

   Spells                             Type                      Level
   a - Shock                          Conjuration/Air              1
   b - Stone Arrow                    Conjuration/Earth            3
   c - Lightning Bolt                 Conjuration/Air              5
   d - Conjure Ball Lightning         Conjuration/Air              6
   e - Orb of Destruction             Conjuration                  7
 S - a book of the Sky

   Spells                             Type                      Level
   a - Summon Lightning Spire         Summoning/Air                4
   b - Silence                        Hexes/Air                    5
   c - Deflect Missiles               Charms/Air                   6
   d - Conjure Ball Lightning         Conjuration/Air              6
   e - Tornado                        Air                          9
 T - Sif Muna's Almanac of Ashen Enhancements
   (Sif Muna gifted it to you on level 5 of the Lair of Beasts)

   Spells                             Type                      Level
   a - Shroud of Golubria             Charms/Translocation         2
   b - Song of Slaying                Charms                       2
   c - Iskenderun's Battlesphere      Conjuration/Charms           5
   d - Bolt of Magma                  Conjuration/Fire/Earth       5
   e - Borgnjor's Vile Clutch         Necromancy/Earth             5
   f - Lehudib's Crystal Spear        Conjuration/Earth            8
 W - Sif Muna's Papyrus of Flames
   (Sif Muna gifted it to you on level 1 of the Orcish Mines)

   Spells                             Type                      Level
   a - Throw Flame                    Conjuration/Fire             2
   b - Inner Flame                    Hexes/Fire                   3
   c - Sticky Flame                   Conjuration/Fire             4
   d - Fireball                       Conjuration/Fire             5
 X - a book of the Earth

   Spells                             Type                      Level
   a - Leda's Liquefaction            Hexes/Earth                  4
   b - Bolt of Magma                  Conjuration/Fire/Earth       5
   c - Statue Form                    Transmutation/Earth          6
   d - Iron Shot                      Conjuration/Earth            6
   e - Shatter                        Earth                        9
 Y - Hiopuw's Tome of the Snowflakes and Summoning
   (You found it on level 1 of the Orcish Mines)

   Spells                             Type                      Level
   a - Summon Small Mammal            Summoning                    1
   b - Call Imp                       Summoning                    2
   c - Throw Icicle                   Conjuration/Ice              4
   d - Ice Form                       Ice/Transmutation            4
   e - Dragon's Call                  Summoning                    9
Comestibles
 c - 36 rations


   Skills:
 + Level 11.2 Fighting
 - Level 10.4 Dodging
 - Level 1.7 Stealth
 - Level 4.0 Shields
 + Level 14.3 Spellcasting
 - Level 15.0 Conjurations
 - Level 1.0 Summonings
 - Level 1.0 Translocations
 * Level 17.5 Air Magic
 - Level 10.0 Invocations


You couldn't memorise any spells.
You knew the following spells:

 Your Spells              Type           Power        Failure   Level  Hunger
a - Lightning Bolt        Conj/Air       ########..   1%          5    None
b - Blink                 Tloc           N/A          1%          2    None
c - Deflect Missiles      Chrm/Air       #######...   4%          6    None
d - Ozocubu's Armour      Chrm/Ice       ####....     3%          3    None
e - Mephitic Cloud        Conj/Pois/Air  #######.     1%          3    None
f - Force Lance           Conj/Tloc      #######.     1%          4    None
g - Irradiate             Conj/Tmut      ######....   1%          5    None
h - Summon Lightning Spi  Summ/Air       #######.     1%          4    None
i - Poison Arrow          Conj/Pois      ######....   8%          6    None
j - Conjure Ball Lightni  Conj/Air       ########..   1%          6    None


Dungeon Overview and Level Annotations

Branches:
Dungeon (11/15)            Temple (1/1) D:4            Lair (6/6) D:11
 Shoals (4/4) Lair:3        Snake (0/4) Lair:2        Slime (0/5) Lair:6
    Orc (2/2) D:10            Elf (2/3) Orc:2

Altars:
Ashenzari
Cheibriados
Dithmenos
Elyvilon
Fedhas
Gozag
Hepliaklqana
Kikubaaqudgha
Makhleb
Nemelex Xobeh
Okawaru
Qazlal
Ru
Sif Muna
Trog
Uskayaw
Vehumet
Wu Jian
Xom
Yredelemnul
Zin
The Shining One
Beogh

Shops:
D:7 !   D:10 (==   Orc:1 =:   Orc:2 !=[(   Elf:1 !?(}:

Annotations:
D:5 2 transporters, Menkaure
Shoals:1 2 transporters
Shoals:4 Ilsuiw


Innate Abilities, Weirdness & Mutations

You can breathe wild blasts of lightning.
Your glossy black scales are hard. (AC +9)
You cannot fit into any form of body armour.
Your large and strong wings let you fly indefinitely.
You are resistant to electric shocks. (rElec)
You are cold-blooded and may be slowed by cold attacks.
You occasionally shout uncontrollably at your foes.


Message History

The blast of lightning engulfs you! You resist.
* * * LOW HITPOINT WARNING * * *
The blast of lightning engulfs the plant.
The plant is almost destroyed.
The blast of lightning engulfs the merfolk aquamancer.
You kill the merfolk aquamancer!
Sif Muna accepts your kill.
The blast of lightning engulfs the plant.
The plant is moderately damaged.
The blast of lightning engulfs the merfolk javelineer.
The merfolk javelineer is almost dead.
The blast of lightning engulfs the plant.
The plant is severely damaged.
The blast of lightning engulfs the merfolk.
You kill the merfolk!
Sif Muna accepts your kill. Ilsuiw completely misses you.
The merfolk javelineer hits you but does no damage.
The snapping turtle bites you from afar!
You die...

#..≈≈≈≈≈≈≈≈≈≈≈≈≈≈
#.≈≈≈≈≈≈≈≈≈≈≈≈≈≈≈
#≈≈≈≈≈≈≈≈≈≈≈≈≈≈≈
#≈≈m≈≈≈≈≈≈≈≈≈≈≈≈
##≈≈≈≈≈≈≈≈≈≈≈≈≈≈≈
#≈≈≈≈≈≈§§≈≈...≈≈≈
###≈≈≈mmm§§#
####...m#§§§§§#
.###.#.tm...§§t§@##
.≈(..[....mmm≈§§§§#
....m..<..)≈)≈mP§.#
.........≈≈≈≈≈P≈≈.#### .
)........≈≈≈≈PP≈(....##....
.........≈≈≈≈≈≈≈≈..........
.........P≈≈≈≈≈≈≈≈≈......≈≈
....P.P..[..≈≈≈≈≈≈≈≈≈...≈≈≈
.P....P≈≈....≈≈≈≈≈≈.....≈≈≈


You could see Ilsuiw, a merfolk javelineer and a snapping turtle.

Vanquished Creatures
  Polyphemus (Shoals:4)
  Gastronok (D:8)
  Kirke (Lair:5)
  Donald (Orc:2)
  An orc warlord (Orc:1)
  A deep elf elementalist (Elf:2)
  3 entropy weavers (Lair:3)
  Nessos (Lair:6)
  A deep elf demonologist (Elf:1)
  2 merfolk javelineers (Shoals:4)
  2 merfolk impalers (Shoals:4)
  2 hydras
  3 ghost crabs (Lair:3)
  An ice dragon (Lair:2)
  A catoblepas (Shoals:4)
  3 merfolk aquamancers
  A merfolk avatar (Shoals:3)
  The ghost of YoungGLord the Cleaver, a novice HOFi of Trog (D:8)
  4 two-headed ogres
  2 satyrs (Shoals:3)
  24 dancing weapons
  15 deep elf knights
  3 orc high priests (Orc:2)
  Urug (Lair:2)
  An unseen horror (D:10)
  5 fire crabs (Lair:3)
  8 sea snakes
  4 deep elf archers
  5 orc knights
  35 deep elf magi
  2 ugly things
  9 harpies
  11 cyclopes
  9 fauns
  5 orc sorcerers
  3 elephants (Lair:6)
  Joseph (D:7)
  9 manticores
  6 merfolk sirens
  An apocalypse crab (Lair:3)
  A water nymph (Shoals:2)
  5 black mambas
  The ghost of Toogi the Skirmisher, a novice HuWn (D:5)
  11 spiny frogs
  6 torpor snails
  A komodo dragon (shapeshifter) (Elf:1)
  A rime drake (Lair:4)
  7 komodo dragons
  5 trolls
  16 merfolk
  3 polar bears (Lair:6)
  2 wind drakes (Shoals:1)
  9 blink frogs (Lair:6)
  4 hornets (Lair:6)
  Prince Ribbit (D:8)
  5 dream sheep
  A hippogriff (shapeshifter) (Elf:2)
  8 hippogriffs
  Sigmund (D:2)
  6 snapping turtles
  10 water elementals
  A shadow (D:11)
  2 air elementals
  The ghost of Lorindel the Skirmisher, an amateur OgFi (D:3)
  A vampire (D:10)
  55 yaks
  11 spriggans (Lair:6)
  3 basilisks
  2 wyverns
  A fire elemental (Elf:1)
  3 wargs
  11 porcupines
  Duvessa (D:6)
  6 water moccasins
  An eye of draining (D:8)
  33 orc warriors
  5 sky beasts
  An ice beast (D:11)
  2 phantoms
  2 black bears (Lair:6)
  2 boggarts (Lair:6)
  18 wolves
  10 centaurs
  12 ogres
  5 crocodiles
  A big kobold (D:9)
  3 earth elementals
  19 bullfrogs
  Dowan (D:7)
  10 scorpions
  9 wights
  An electric eel (Lair:3)
  2 howler monkeys (D:9)
  3 crimson imps
  A bullfrog zombie (D:8)
  A quasit (D:10)
  5 centaur zombies
  2 jellies
  14 orc priests
  A bullfrog skeleton (D:4)
  5 hounds
  23 orc wizards
  2 centaur skeletons
  4 iguanas
  7 worker ants
  2 big kobold zombies (Ossuary)
  A hound zombie (D:7)
  A hound skeleton (D:4)
  3 mummies (Ossuary)
  2 howler monkey skeletons
  12 adders
  3 gnolls (D:5)
  2 scorpion zombies (Ossuary)
  A shadow imp (D:5)
  An ooze (D:2)
  An adder zombie (D:3)
  4 adder skeletons
  A dart slug (D:1)
  5 leopard geckos
  75 orcs
  4 giant cockroaches
  6 goblins
  3 hobgoblins (D:2)
  3 jackals
  10 kobolds
  6 quokkas
  4 ball pythons
  8 bats
  9 frilled lizards
  4 gnoll zombies (Ossuary)
  3 goblin zombies (Ossuary)
  3 hobgoblin zombies (Ossuary)
  4 kobold zombies (Ossuary)
  A leopard gecko skeleton (D:7)
  A leopard gecko zombie (D:7)
  An orc zombie (Ossuary)
  2 quokka zombies (D:5)
  3 rats
  2 fungi (Lair:4)
  7 plants
795 creatures vanquished.

Vanquished Creatures (collateral kills)
  2 orc warlords
  A deep elf elementalist (Orc:2)
  The ghost of teko the Severer, a journeyman MiBe of Trog (Lair:6)
  A deep elf death mage (Elf:1)
  A merfolk javelineer (Shoals:3)
  A merfolk impaler (Shoals:1)
  A hydra (Lair:6)
  6 death yaks
  An orc high priest (Orc:2)
  7 deep elf knights
  2 sea snakes
  3 deep elf archers
  A wolf spider (Orc:1)
  3 orc knights
  2 oklob plants (Lair:5)
  13 deep elf magi
  A cyclops (Shoals:1)
  2 orc sorcerers
  5 fauns
  2 merfolk sirens (Shoals:3)
  A black mamba (Lair:6)
  A spiny frog (Lair:6)
  A polar bear (Lair:6)
  2 trolls (Orc:1)
  A hornet (Lair:6)
  7 merfolk
  3 blink frogs (Lair:6)
  2 dream sheep (Shoals:1)
  4 snapping turtles
  A hippogriff (Lair:6)
  2 redbacks (Orc:1)
  4 spriggans (Lair:6)
  A tarantella (Orc:1)
  10 yaks
  A wyvern (Lair:6)
  A warg (Orc:2)
  A water moccasin (Lair:6)
  28 orc warriors
  2 ogres (Orc:2)
  9 wolves
  2 boggarts (Lair:6)
  A centaur (Shoals:4)
  A crocodile (Lair:6)
  A bullfrog (shapeshifter) (Elf:2)
  A bullfrog (Lair:5)
  6 orc wizards
  21 orc priests
  40 orcs
  A fungus (Lair:6)
  4 plants
216 creatures vanquished.

Vanquished Creatures (others)
  A deep elf knight (Elf:2)
  5 ball lightnings
  A deep elf mage (Elf:1)
  A water elemental (Elf:1)
  2 humans (Lair:6)
  A scorpion (Ossuary)
  A gnoll zombie (Ossuary)
  A hobgoblin zombie (Ossuary)
  20 fungi
  14 plants
47 creatures vanquished.

Grand Total: 1058 creatures vanquished

Notes
Turn   | Place    | Note
-------+----------+-------------------------------------------
     0 | D:1      | Ivernyr the Draconian Wizard began the quest for the Orb.
     0 | D:1      | Reached XP level 1. HP: 14/14 MP: 4/4
   384 | D:1      | You fall through a shaft!
   475 | D:1      | Reached XP level 2. HP: 19/20 MP: 1/6
   526 | D:1      | Learned a level 2 spell: Blink
  1015 | D:2      | Noticed Sigmund
  1540 | D:2      | Reached XP level 3. HP: 27/27 MP: 6/8
  1545 | D:2      | Learned a level 3 spell: Conjure Flame
  1549 | D:2      | Learned a level 3 spell: Mephitic Cloud
  1560 | D:2      | Found a bloodstained altar of Trog.
  1608 | D:2      | Reached skill level 1 in Fighting
  1942 | D:2      | Found a hazy altar of Hepliaklqana.
  1943 | D:2      | Found a shimmering altar of Xom.
  1943 | D:2      | Noticed a wyvern
  1944 | D:2      | Noticed a wyvern
  1944 | D:2      | Noticed a spectral ugly thing
  2998 | D:2      | Killed Sigmund
  2998 | D:2      | Reached XP level 4. HP: 37/37 MP: 2/10
  2998 | D:2      | Reached XP level 5. HP: 42/42 MP: 2/11
  3423 | D:3      | Noticed Lorindel's ghost (amateur OgFi)
  3432 | D:3      | Killed Lorindel's ghost
  3432 | D:3      | Reached XP level 6. HP: 28/51 MP: 8/12
  3569 | D:3      | Found a basalt altar of Yredelemnul.
  3855 | D:4      | Found a staircase to the Ecumenical Temple.
  3916 | Temple   | Entered the Ecumenical Temple
  4073 | Temple   | Became a worshipper of Sif Muna the Loreminder
  4579 | D:4      | Reached skill level 5 in Conjurations
  4579 | D:4      | Your scales start taking on a glossy black colour.
  4579 | D:4      | Reached XP level 7. HP: 58/58 MP: 5/14
  4579 | D:4      | Gained mutation: You are resistant to electric shocks. (rElec) [Black Draconian growth]
  5255 | D:5      | Entered Level 5 of the Dungeon
  5266 | D:5      | Found a sand-covered staircase.
  5307 | Ossuary  | Entered an ossuary
  5381 | Ossuary  | Reached skill level 5 in Spellcasting
  5940 | Ossuary  | Reached * piety under Sif Muna
  6128 | Ossuary  | Reached XP level 8. HP: 16/67 MP: 4/16
  6442 | Ossuary  | Reached skill level 5 in Fighting
  6852 | D:5      | Noticed Toogi's ghost (novice HuWn)
  6886 | D:5      | Killed Toogi's ghost
  7370 | D:5      | Found a transporter.
  7385 | D:5      | Found a transporter.
  7403 | D:5      | Found a basalt altar of Yredelemnul.
  7413 | D:5      | Found an ancient bone altar of Kikubaaqudgha.
  7419 | D:5      | Noticed Menkaure
  7663 | D:6      | Reached ** piety under Sif Muna
  7818 | D:6      | Reached skill level 1 in Invocations
  8036 | D:6      | Found a snail-covered altar of Cheibriados.
  8089 | D:6      | Reached XP level 9. HP: 67/75 MP: 13/18
  9152 | D:7      | Noticed Dowan
  9153 | D:7      | Noticed Duvessa
  9920 | D:7      | Noticed Joseph
  9993 | D:7      | Killed Dowan
 10233 | D:6      | Killed Duvessa
 10464 | D:7      | Killed Joseph
 10541 | D:7      | Found Mamorowu's Distillery.
 10555 | D:7      | Reached *** piety under Sif Muna
 10834 | D:8      | Noticed YoungGLord's ghost (novice HOFi)
 10851 | D:8      | Killed YoungGLord's ghost
 10851 | D:8      | Reached XP level 10. HP: 62/86 MP: 20/20
 10952 | D:8      | Noticed Gastronok
 10965 | D:8      | Killed Gastronok
 10965 | D:8      | Reached skill level 10 in Conjurations
 10965 | D:8      | Reached skill level 5 in Invocations
 11223 | D:8      | Noticed a two-headed ogre
 11246 | D:8      | Killed a two-headed ogre
 11246 | D:8      | Reached **** piety under Sif Muna
 11570 | D:8      | Noticed a two-headed ogre
 11591 | D:8      | Killed a two-headed ogre
 11662 | D:8      | Noticed Prince Ribbit
 11675 | D:8      | Killed Prince Ribbit
 11675 | D:8      | Reached XP level 11. HP: 84/95 MP: 23/23
 11848 | D:8      | Learned a level 3 spell: Ozocubu's Armour
 12624 | D:9      | Noticed a two-headed ogre
 12652 | D:9      | Killed a two-headed ogre
 13278 | D:10     | Entered Level 10 of the Dungeon
 13808 | D:10     | Found a roughly hewn altar of Beogh.
 13808 | D:10     | Found a staircase to the Orcish Mines.
 13873 | D:10     | Noticed an orc knight
 14630 | D:9      | Reached ***** piety under Sif Muna
 15112 | D:10     | Learned a level 4 spell: Force Lance
 15636 | D:9      | Received a gift from Sif Muna
 15865 | D:10     | Killed an unseen horror
 16446 | D:10     | Found Onkucour's Antique Weapon Boutique.
 16470 | D:10     | Found Hiafisam's Jewellery Shoppe.
 16594 | D:10     | Found Zeipriv's Jewellery Boutique.
 16669 | D:10     | Killed an orc knight
 17684 | D:11     | Noticed a purple ugly thing
 17848 | D:10     | Killed a purple ugly thing
 18326 | D:11     | Reached XP level 12. HP: 106/106 MP: 19/25
 18333 | D:11     | Reached skill level 10 in Fighting
 19091 | D:11     | Found a staircase to the Lair.
 19807 | Lair:1   | Entered Level 1 of the Lair of Beasts
 20384 | Lair:1   | Noticed a six-headed hydra
 20399 | Lair:1   | HP: 2/106 [six-headed hydra (18)]
 20400 | Lair:1   | Killed a six-headed hydra
 21805 | Lair:2   | Found a staircase to the Snake Pit.
 22145 | Lair:2   | Noticed an ice dragon
 22171 | Lair:2   | Killed an ice dragon
 22337 | Lair:2   | Got a wavering brass amulet
 22339 | Lair:2   | Got a warped steel ring
 22341 | Lair:2   | Identified the ring "Xaolyeph" {*Contam rC+ Int+3 Stlth+} (You found it on level 2 of the Lair of Beasts)
 22343 | Lair:2   | Identified the amulet of Ciheemn {Gourm rPois Str-4 Int+8 Dex-4} (You found it on level 2 of the Lair of Beasts)
 22536 | Lair:2   | Noticed Urug
 22555 | Lair:2   | Killed Urug
 22917 | Lair:3   | Found a runed door.
 22925 | Lair:3   | Reached skill level 1 in Shields
 22994 | Lair:3   | Identified Sif Muna's Incunabulum of the Blaze and Transmigration (Sif Muna gifted it to you on level 3 of the Lair of Beasts)
 22994 | Lair:3   | Received a gift from Sif Muna
 23048 | Lair:3   | Learned a level 5 spell: Irradiate
 23058 | Lair:3   | Reached skill level 10 in Spellcasting
 23605 | Lair:3   | Noticed a seven-headed hydra
 23613 | Lair:3   | Killed a seven-headed hydra
 23781 | Lair:3   | Reached XP level 13. HP: 88/113 MP: 0/27
 24023 | Lair:3   | Identified the Almanac of Benedictions and Transformation
 24058 | Lair:3   | Found a staircase to the Shoals.
 25151 | Lair:3   | Noticed an entropy weaver
 25278 | Lair:3   | Killed an entropy weaver
 25558 | Lair:3   | Noticed an entropy weaver
 25574 | Lair:3   | Killed an entropy weaver
 26095 | Lair:3   | Reached skill level 10 in Invocations
 26265 | Lair:3   | Noticed an entropy weaver
 26283 | Lair:3   | Killed an entropy weaver
 27268 | Lair:4   | Reached skill level 15 in Conjurations
 27498 | Lair:4   | Reached skill level 1 in Air Magic
 27721 | Lair:4   | Reached skill level 2 in Air Magic
 28168 | Lair:5   | Learned a level 4 spell: Summon Lightning Spire
 28300 | Lair:5   | Reached skill level 3 in Air Magic
 29064 | Lair:5   | Reached skill level 4 in Air Magic
 29449 | Lair:5   | Found a blossoming altar of Fedhas.
 29480 | Lair:5   | Reached skill level 5 in Dodging
 29619 | Lair:6   | Entered Level 6 of the Lair of Beasts
 29619 | Lair:6   | Found a staircase to the Slime Pits.
 29635 | Lair:6   | Noticed Kirke
 29846 | Lair:6   | Gained mutation: Your large and strong wings let you fly indefinitely. [Black Draconian growth]
 29846 | Lair:6   | Reached XP level 14. HP: 85/121 MP: 17/29
 29849 | Lair:6   | Reached skill level 5 in Air Magic
 30078 | Lair:6   | Reached skill level 6 in Air Magic
 30790 | Lair:5   | Killed Kirke
 30790 | Lair:5   | Identified Sif Muna's Almanac of Ashen Enhancements (Sif Muna gifted it to you on level 5 of the Lair of Beasts)
 30790 | Lair:5   | Received a gift from Sif Muna
 31257 | Lair:6   | Reached skill level 7 in Air Magic
 32041 | Lair:6   | Reached skill level 8 in Air Magic
 32498 | Lair:6   | Noticed teko's ghost (journeyman MiBe)
 32517 | Lair:6   | Killed teko's ghost
 32879 | Lair:6   | Noticed Nessos
 33238 | Lair:6   | Reached skill level 9 in Air Magic
 33408 | Lair:6   | Killed Nessos
 34444 | Orc:1    | Entered Level 1 of the Orcish Mines
 35080 | Orc:1    | Noticed an orc warlord
 35101 | Orc:1    | Killed an orc warlord
 35641 | Orc:1    | Noticed an orc warlord
 35682 | Orc:1    | Killed an orc warlord
 35682 | Orc:1    | Reached skill level 10 in Air Magic
 35835 | Orc:1    | Found Jorinwy's Book Emporium.
 36215 | Orc:1    | Got a steaming mace
 36216 | Orc:1    | Identified the cursed +0 mace "Fyreih" {freeze, -Tele +Inv Str+9 Stlth-} (You found it on level 1 of the Orcish Mines)
 36248 | Orc:1    | Identified Hiopuw's Tome of the Snowflakes and Summoning
 36254 | Orc:1    | Got a pitted mace
 36255 | Orc:1    | Identified the +9 mace of Bloody Death {crush, *Corrode +Fly rElec rN+} (You found it on level 1 of the Orcish Mines)
 36623 | Orc:1    | Paralysed by an orc sorcerer for 3 turns
 36640 | Orc:1    | Identified Sif Muna's Papyrus of Flames (Sif Muna gifted it to you on level 1 of the Orcish Mines)
 36640 | Orc:1    | Received a gift from Sif Muna
 36856 | Orc:2    | Entered Level 2 of the Orcish Mines
 37161 | Orc:2    | Noticed Donald
 37265 | Orc:2    | Killed Donald
 38577 | Orc:2    | Paralysed by an orc sorcerer for 4 turns
 38609 | Orc:2    | Reached XP level 15. HP: 73/126 MP: 3/31
 38842 | Orc:2    | Identified a +0 pair of boots of running (You found it on level 2 of the Orcish Mines)
 38894 | Orc:2    | Found a staircase to the Elven Halls.
 39409 | Orc:2    | Noticed an orc warlord
 39441 | Orc:2    | Reached skill level 11 in Air Magic
 39444 | Orc:2    | Killed an orc warlord
 39815 | Orc:2    | Found a roughly hewn altar of Beogh.
 40275 | Orc:2    | Found Bon Isach's Jewellery Shop.
 40412 | Orc:2    | Found Hats's Distillery.
 40697 | Orc:2    | Found a roughly hewn altar of Beogh.
 40765 | Orc:2    | Found Fyfe Ucw's Weapon Emporium.
 40778 | Orc:2    | Bought the +6 broad axe of Byntitoc {speed, Int+5} for 833 gold pieces
 40865 | Orc:2    | Found Deulas's Armour Shoppe.
 41393 | Orc:1    | Found Cunit's Jewellery Shoppe.
 41498 | Elf:1    | Entered Level 1 of the Elven Halls
 41726 | Elf:1    | Reached skill level 12 in Air Magic
 42568 | Elf:1    | Noticed a Tzitzimitl
 42570 | Elf:1    | Noticed a Hell Sentinel
 42779 | Elf:1    | Identified Sufamas's Almanac of Arcane Weapons (Sif Muna gifted it to you on level 1 of the Elven Halls)
 42779 | Elf:1    | Received a gift from Sif Muna
 42886 | Orc:2    | Learned a level 5 spell: Lightning Bolt
 42893 | Orc:2    | Learned a level 6 spell: Conjure Ball Lightning
 42901 | Orc:2    | Learned a level 6 spell: Deflect Missiles
 43994 | Elf:1    | Found Xoucaugoha's Magic Scroll Emporium.
 44005 | Elf:1    | Reached skill level 13 in Air Magic
 44176 | Elf:1    | Found Ucwumid's Distillery.
 44253 | Elf:1    | Found Maseajaet's Gadget Emporium.
 44255 | Elf:1    | Found Zafosm's Antique Weapon Emporium.
 44413 | Elf:1    | Found Bidav's Book Emporium.
 45971 | Elf:2    | Reached skill level 14 in Air Magic
 46100 | Elf:2    | Reached XP level 16. HP: 26/134 MP: 13/33
 46795 | Elf:2    | Identified Sif Muna's Disquisition on Damaging Protection (Sif Muna gifted it to you on level 2 of the Elven Halls)
 46795 | Elf:2    | Received a gift from Sif Muna
 47015 | Elf:2    | Got a brightly glowing rapier {freeze}
 47016 | Elf:2    | Identified the +0 rapier of Guilt {freeze, +Rage rN+ MR- Int+3} (You took it off a deep elf mage on level 2 of the Elven Halls)
 47661 | Elf:2    | Found a runed gate.
 47661 | Elf:2    | Found a runed gate.
 47666 | Elf:2    | Found a runed gate.
 48905 | Elf:2    | Reached skill level 15 in Air Magic
 49743 | Elf:2    | Reached skill level 10 in Dodging
 50298 | Shoals:1 | Entered Level 1 of the Shoals
 51323 | Shoals:1 | Reached skill level 16 in Air Magic
 51826 | Shoals:1 | Found a transporter.
 51844 | Shoals:1 | Identified Sif Muna's Volume of the Harmful Traveller (Sif Muna gifted it to you on level 1 of the Shoals)
 51844 | Shoals:1 | Received a gift from Sif Muna
 52323 | Shoals:1 | Found a transporter.
 54963 | Shoals:3 | Gained mutation: You occasionally shout uncontrollably at your foes. [mutagenic glow]
 55582 | Shoals:3 | Reached XP level 17. HP: 141/141 MP: 34/34
 56331 | Shoals:4 | Entered Level 4 of the Shoals
 56331 | Shoals:4 | Noticed Ilsuiw
 56379 | Shoals:3 | Reached skill level 17 in Air Magic
 56570 | Shoals:4 | Noticed Polyphemus
 56574 | Shoals:4 | Killed Polyphemus
 56753 | Shoals:4 | HP: 6/144 [catoblepas/blast of calcifying dust[Polyphemus] (6)]
 57437 | Shoals:3 | Learned a level 6 spell: Poison Arrow
 57626 | Shoals:4 | HP: 6/144 [ball lightning[the player character] (3)]
 57626 | Shoals:4 | Slain by a snapping turtle

Skill      XL: |  1  2  3  4  5  6  7  8  9 10 11 12 13 14 15 16 17 |
---------------+----------------------------------------------------+-----
Dodging        | 2 3 5 7 9 10 | 10.4
Fighting       | 2 3 4 6 7 8 9 10 11 | 11.2
Conjurations   | 3 4 5 6 8 9 11 12 13 15 | 15.0
Spellcasting   | 4 5 6 7 8 9 10 11 12 13 14 | 14.3
Invocations    | 1 4 6 7 9 10 | 10.0
Shields        | 2 4 |  4.0
Air Magic      | 4 10 14 16 17 | 17.5
Stealth        | |  1.7
Summonings     | |  1.0
Translocations | |  1.0

Action                   |  1- 3 |  4- 6 |  7- 9 | 10-12 | 13-15 | 16-18 || total
-------------------------+-------+-------+-------+-------+-------+-------++-------
Melee: Unarmed           |    31 |       |       |       |       |       ||    31
       Tailslap          |     3 |     3 |    10 |    31 |    25 |     5 ||    77
       Trident           |    15 |    70 |   215 |   490 |   413 |       ||  1203
       Broad axe         |       |       |       |       |    19 |    45 ||    64
 Cast: Magic Dart        |    76 |    39 |   276 |   347 |    97 |       ||   835
       Mephitic Cloud    |     3 |     2 |    14 |    14 |    72 |     6 ||   111
       Conjure Flame     |       |     3 |    17 |    45 |     6 |       ||    71
       Blink             |       |       |    12 |    17 |    17 |       ||    46
       Force Lance       |       |       |       |   126 |   486 |   141 ||   753
       Ozocubu's Armour  |       |       |       |    13 |     8 |    26 ||    47
       Irradiate         |       |       |       |       |    25 |    20 ||    45
       Summon Lightning  |       |       |       |       |    94 |    39 ||   133
       Lightning Bolt    |       |       |       |       |    67 |   159 ||   226
       Deflect Missiles  |       |       |       |       |       |     8 ||     8
       Conjure Ball Ligh |       |       |       |       |       |     2 ||     2
       Poison Arrow      |       |       |       |       |       |     2 ||     2
Invok: Divine Energy     |       |       |       |     2 |       |       ||     2
       Stop Divine Energ |       |       |       |     1 |       |       ||     1
       Forget Spell      |       |       |       |       |     2 |       ||     2
       Channel Magic     |       |       |       |       |       |     2 ||     2
 Abil: Breathe Lightning |       |       |     2 |     4 |     6 |     3 ||    15
       Fly               |       |       |       |       |     1 |       ||     1
  Use: Scroll            |       |       |     5 |     8 |     8 |     7 ||    28
       Potion            |       |       |       |     3 |     1 |     5 ||     9
 Stab: Confused          |     3 |       |     7 |     4 |     6 |       ||    20
       Distracted        |       |       |       |     1 |     2 |     1 ||     4
       Sleeping          |       |       |       |       |     3 |       ||     3
  Eat: Chunk             |     5 |     3 |    13 |    40 |    79 |    34 ||   174
       Ration            |       |     1 |     2 |     1 |       |       ||     4
Armor: Skin              |    21 |    40 |    77 |   212 |   279 |   140 ||   769
Dodge: Dodged            |    67 |    60 |   151 |   339 |   445 |   223 ||  1285
       Deflected         |       |       |       |       |       |    51 ||    51
Block: Buckler           |       |       |       |       |   138 |    56 ||   194
